[Event "Titled Tuesday Blitz August 08 Late 2023"]
[White "Vovk, Orest"]
[Black "Riehle, Marco"]
[WhiteFideId "14113490"]
[BlackFideId "12904392"]
[WhiteElo "2460"]
[BlackElo "2806"]
[Result "0-1"]
[Round "1"]
[TimeControl "180+1"]
[Date "2023.08.08"]
[WhiteClock "0:00:00"]
[BlackClock "0:01:01"]
[Board "53"]

1. h4 d5 2. h5 e5 3. h6 g6 4. d4 exd4 5. Qxd4 f6 6. Nc3 Be6 7. e4 Nc6 8. Bb5 a6 9. Bxc6+ bxc6 10. exd5 cxd5 11. Bf4 c5 12. Qe3 Kf7 13. O-O-O d4 14. Qf3 f5 15. Be5 Nf6 16. Nh3 Bxh6+ 17. Kb1 Re8 18. Nf4 Bxf4 19. Qxf4 Kg8 20. Qh2 Ra7 21. Ne2 Ng4 22. Qg3 Nxe5 23. Nf4 Rg7 24. Rde1 Bf7 25. b3 Nc6 26. Rxe8+ Qxe8 27. f3 c4 28. Re1 Qb8 0-1


[Site "https://www.chess.com"]

[Event "Titled Tuesday Blitz August 08 Late 2023"]
[White "Bauman_Guy"]
[Black "Sathish, Pranav"]
[BlackFideId "30967538"]
[WhiteElo "2805"]
[BlackElo "2459"]
[Result "1-0"]
[Round "1"]
[TimeControl "180+1"]
[Date "2023.08.08"]
[WhiteClock "0:00:47"]
[BlackClock "0:00:07"]
[Board "54"]

1. e4 e5 2. Nf3 Nc6 3. Bb5 Nf6 4. O-O Nxe4 5. Re1 Nd6 6. a4 Be7 7. Nc3 O-O 8. d4 e4 9. Nxe4 Nxe4 10. Rxe4 d5 11. Re1 Bg4 12. c3 a6 13. Bxc6 bxc6 14. Qd3 Bxf3 15. Qxf3 c5 16. dxc5 Bxc5 17. Rd1 Qe7 18. b4 Ba7 19. Bf4 c6 20. Re1 Qf6 21. Qg3 Rfe8 22. h4 c5 23. b5 axb5 24. axb5 Bb6 25. Rxe8+ Rxe8 26. Ra6 Qd8 27. h5 g6 28. Kh2 Re4 29. Bg5 f6 30. Bf4 Rxf4 31. Rxb6 Qxb6 32. Qxf4 Qxb5 33. Qxf6 gxh5 34. Qg5+ Kf8 35. Qf5+ Kg7 36. Qe5+ Kf8 37. Qh8+ Kf7 38. Qxh7+ Ke6 39. Qg6+ Ke7 40. Qg7+ Ke6 41. Qh6+ Ke7 42. Qxh5 Qc4 43. Qe5+ Kd7 44. f4 Qd3 45. f5 d4 46. cxd4 cxd4 47. f6 Qh7+ 48. Kg3 Qg6+ 49. Kf3 Qd3+ 50. Kg4 Qg6+ 51. Kf4 Qxg2 52. Qxd4+ Ke6 53. Qe5+ Kf7 54. Qe7+ Kg8 55. f7+ 1-0


[Site "https://www.chess.com"]

[Event "Titled Tuesday Blitz August 08 Late 2023"]
[White "Lima, Kleyton Alcantara"]
[Black "Guseinov, Gadir"]
[WhiteFideId "22718397"]
[BlackFideId "13401378"]
[WhiteElo "2457"]
[BlackElo "2805"]
[Result "1/2-1/2"]
[Round "1"]
[TimeControl "180+1"]
[Date "2023.08.08"]
[WhiteClock "0:00:18"]
[BlackClock "0:00:19"]
[Board "55"]

1. e4 c5 2. Nf3 g6 3. d4 cxd4 4. Nxd4 Nc6 5. c4 Nf6 6. Nc3 Nxd4 7. Qxd4 d6 8. Be2 Bg7 9. O-O O-O 10. Qd3 a5 11. Be3 a4 12. Bd4 Bd7 13. b4 axb3 14. axb3 Bc6 15. Nd5 Bxd5 16. exd5 Rxa1 17. Rxa1 Nd7 18. h4 h5 19. Bxg7 Kxg7 20. Ra7 Qb6 21. Qe3 Nc5 22. Ra3 Qb4 23. Ra7 Re8 24. Bd1 e5 25. dxe6 Rxe6 26. Qd4+ Rf6 27. Kh2 Qe1 28. Ra2 Ne6 29. Qa1 Qe4 30. g3 Nd4 31. Qc3 Qe5 32. Kg2 Qe4+ 33. Kh2 Kh7 34. Rd2 Nf3+ 35. Bxf3 Rxf3 36. Qd4 Qxd4 37. Rxd4 Rxf2+ 38. Kg1 Rf3 39. Kg2 Rxb3 40. Rxd6 Kg7 41. c5 Rc3 42. Rb6 Rxc5 43. Rxb7 Kf6 44. Rb6+ Kf5 45. Rb4 Re5 46. Rf4+ Ke6 47. Ra4 f6 48. Kf3 Rf5+ 49. Kg2 Rc5 50. Ra6+ Kf5 51. Ra4 Rd5 52. Kf3 Rd3+ 53. Kg2 Re3 54. Rf4+ Ke5 55. Ra4 Re4 56. Ra5+ Ke6 57. Kf3 Re5 58. Ra6+ Kf5 59. Ra4 Rb5 60. Rf4+ Ke6 61. Re4+ Kd5 62. Rf4 Rb3+ 63. Kg2 Ke5 64. Ra4 Rd3 65. Rb4 Rd4 66. Rb6 Kf5 67. Kf3 Rd5 68. Rb4 g5 69. hxg5 Kxg5 70. Ra4 Rb5 71. Rc4 Rb3+ 72. Kg2 f5 73. Kh3 Rb1 74. Rf4 Re1 75. Ra4 Rh1+ 76. Kg2 Rd1 77. Ra8 Rd6 78. Rg8+ Kf6 79. Ra8 Ke5 80. Rh8 Ke4 81. Rxh5 Rd2+ 82. Kh3 Rf2 83. Rh8 Rf1 84. Kg2 Ra1 85. Re8+ Kd5 86. Rd8+ Ke5 87. Re8+ Kf6 88. Rf8+ Kg6 89. Rb8 Ra2+ 90. Kh3 Ra3 91. Rg8+ Kh5 92. Rh8+ Kg5 93. Rg8+ Kh6 94. Rf8 Kg6 95. Rg8+ Kf7 96. Rg5 Ke6 97. Rg6+ Kf7 98. Rg5 Kf6 99. Rg8 Ra7 100. Kg2 Re7 101. Rf8+ Ke5 102. Ra8 Rd7 103. Ra5+ Kf6 104. Ra6+ Kg5 105. Ra5 Rd3 106. Rb5 Re3 107. Ra5 Re4 108. Rb5 Kg4 109. Rb3 Re2+ 110. Kf1 Ra2 111. Kg1 Ra4 112. Kf1 Re4 113. Kf2 Rc4 114. Ra3 Rb4 115. Rc3 Kh3 116. Kf3 Rb1 117. Kf4 Rb4+ 118. Kxf5 Rg4 119. Rd3 Rxg3 120. Rxg3+ Kxg3 1/2-1/2


[Site "https://www.chess.com"]

[Event "Titled Tuesday Blitz August 08 Late 2023"]
[White "Grigorov, Grigor"]
[Black "Yeritsyan, Hayk"]
[WhiteFideId "2907313"]
[BlackFideId "13307320"]
[WhiteElo "2805"]
[BlackElo "2451"]
[Result "1-0"]
[Round "1"]
[TimeControl "180+1"]
[Date "2023.08.08"]
[WhiteClock "0:00:12"]
[BlackClock "0:00:00"]
[Board "56"]

1. d4 d5 2. c4 e6 3. Nf3 Nf6 4. g3 c6 5. Bg2 Be7 6. O-O O-O 7. Qc2 b6 8. Rd1 Ba6 9. b3 Nbd7 10. Bf4 Rc8 11. Nc3 Re8 12. e4 dxc4 13. Nd2 Nh5 14. Be3 c5 15. d5 exd5 16. Nxd5 Nhf6 17. bxc4 Nxd5 18. exd5 Nf6 19. h3 Bd6 20. Re1 Qc7 21. Bg5 Nd7 22. Ne4 Be5 23. Rad1 h6 24. d6 Qb8 25. Be7 Bb7 26. h4 Bd4 27. Nc3 Bxg2 28. Kxg2 Qb7+ 29. Nd5 Qc6 30. Kg1 Qb7 31. Qf5 Qc6 32. Re4 Qb7 33. Rde1 f6 34. Qe6+ Kh8 35. Rg4 Ne5 36. Rxg7 Kxg7 37. Qxf6+ Kg8 38. Rxe5 Bxe5 39. Qxe5 Qd7 40. Nf6+ Kf7 41. Nxd7 Rxe7 42. Qxe7+ 1-0


[Site "https://www.chess.com"]

[Event "Titled Tuesday Blitz August 08 Late 2023"]
[White "Dias, Paulo"]
[Black "Haydon, David L"]
[WhiteFideId "1900803"]
[BlackFideId "415405"]
[WhiteElo "2447"]
[BlackElo "2785"]
[Result "1/2-1/2"]
[Round "1"]
[TimeControl "180+1"]
[Date "2023.08.08"]
[WhiteClock "0:00:16"]
[BlackClock "0:00:20"]
[Board "57"]

1. e4 c6 2. d4 d5 3. e5 c5 4. Nf3 Nc6 5. dxc5 Bg4 6. c3 Bxf3 7. Qxf3 e6 8. b4 Nxe5 9. Bb5+ Nc6 10. O-O Nf6 11. Re1 Be7 12. Bf4 O-O 13. Nd2 Rc8 14. Rad1 a6 15. Bd3 d4 16. Ne4 Nd5 17. Bd6 dxc3 18. a3 Nd4 19. Qh3 c2 20. Rc1 Rc6 21. Nc3 g6 22. Bxe7 Nxe7 23. Bxc2 Qc7 24. Be4 Rd8 25. Bxc6 Nexc6 26. Rcd1 Kg7 27. Qh4 h6 28. Ne4 Rd5 29. Qf6+ Kg8 30. Nd6 Qd7 31. g3 b6 32. Ne4 bxc5 33. Nxc5 Qd6 34. Ne4 Qd7 35. Kg2 Qb7 36. Qf4 Rf5 37. Nd6 Rxf4 38. Nxb7 Rf5 39. Nc5 a5 40. Ne4 axb4 41. axb4 Rb5 42. Rb1 Rxb4 43. Rxb4 Nxb4 44. Rc1 Nbc6 45. Nd2 Kg7 46. Nf3 Nxf3 47. Kxf3 Nd4+ 48. Ke3 Nf5+ 49. Kd2 Ne7 50. f4 Nd5 51. Ke2 Nf6 52. Kf3 g5 53. h3 gxf4 54. gxf4 Nd5 55. Rg1+ Kf6 56. Re1 Ne7 57. Re5 Nf5 58. Ke4 Kg6 59. Rxf5 exf5+ 60. Ke5 Kh5 61. Kxf5 Kh4 62. Kf6 Kxh3 63. Kxf7 Kg4 64. Kg6 Kxf4 65. Kxh6 1/2-1/2


[Site "https://www.chess.com"]

[Event "Titled Tuesday Blitz August 08 Late 2023"]
[White "Tristan, Leonardo"]
[Black "szachmistrz2500"]
[WhiteFideId "113816"]
[WhiteElo "2784"]
[BlackElo "2442"]
[Result "1-0"]
[Round "1"]
[TimeControl "180+1"]
[Date "2023.08.08"]
[WhiteClock "0:02:28"]
[BlackClock "0:01:35"]
[Board "58"]

1. d4 d5 2. Nf3 Nf6 3. Bf4 c5 4. e3 Qb6 5. Nc3 a6 6. Na4 Qa5+ 7. c3 cxd4 8. exd4 Nc6 9. Bd3 Bg4 10. Nc5 Qb6 11. Qb3 Qxb3 12. axb3 Nd8 13. Ne5 Bc8 14. Bb5+ 1-0


[Site "https://www.chess.com"]

[Event "Titled Tuesday Blitz August 08 Late 2023"]
[White "WindWhistler11"]
[Black "Adewumi, Tanitoluwa"]
[BlackFideId "30966396"]
[WhiteElo "2441"]
[BlackElo "2777"]
[Result "0-1"]
[Round "1"]
[TimeControl "180+1"]
[Date "2023.08.08"]
[WhiteClock "0:00:54"]
[BlackClock "0:00:04"]
[Board "59"]

1. Nf3 Nf6 2. g3 g6 3. Bg2 Bg7 4. O-O O-O 5. c4 d5 6. cxd5 Nxd5 7. Nc3 c5 8. Qb3 Nb6 9. d3 Be6 10. Qd1 Nc6 11. Ne4 c4 12. Nc5 Bc8 13. Rb1 cxd3 14. Qxd3 Qxd3 15. Nxd3 Bf5 16. Rd1 Rfd8 17. Nfe1 Rac8 18. b3 Nd4 19. Kf1 Nb5 20. Bb2 Bxb2 21. Rxb2 Rc7 22. a4 Nc3 23. Rc1 Rdc8 24. Rbc2 Be6 25. Bxb7 Rxb7 26. Rxc3 Rxc3 27. Rxc3 Nd5 28. Rc1 Bh3+ 29. Kg1 Rxb3 30. Nc5 Rb2 31. e3 Ra2 32. Ned3 Nf6 33. Ne5 Kg7 34. Nc6 Ng4 35. Ne4 f5 36. Ng5 Nxf2 37. Nd4 h6 38. Nge6+ Kf6 39. Nf4 Bg4 40. Rc6+ Kg7 41. Rxg6+ Kf7 42. Nde6 Nh3+ 43. Nxh3 Kxg6 44. Nhf4+ Kf6 45. h3 Ra1+ 46. Kf2 Bd1 47. Nd4 e5 48. Ke1 exd4 49. Nd5+ Ke5 50. Nb4 dxe3 51. Nc6+ Ke4 52. Nb4 Bf3# 0-1


[Site "https://www.chess.com"]

[Event "Titled Tuesday Blitz August 08 Late 2023"]
[White "Kilic, Eray"]
[Black "Kielinkei"]
[WhiteFideId "44517173"]
[WhiteElo "2775"]
[BlackElo "2440"]
[Result "1-0"]
[Round "1"]
[TimeControl "180+1"]
[Date "2023.08.08"]
[WhiteClock "0:02:46"]
[BlackClock "0:00:35"]
[Board "60"]

1. e4 c5 2. Nc3 e6 3. Nf3 Nc6 4. Bb5 Nd4 5. O-O Nxb5 6. Nxb5 a6 7. Nc3 b5 8. d4 cxd4 9. Qxd4 Bb7 10. Bg5 Qc7 11. Rad1 Ne7 12. Rfe1 Nc6 13. Qd2 Bc5 14. Nd5 Qb8 15. Qc3 1-0


[Site "https://www.chess.com"]

[Event "Titled Tuesday Blitz August 08 Late 2023"]
[White "Kubatko, Ivan"]
[Black "Fier, Alexandr"]
[WhiteFideId "24111473"]
[BlackFideId "2107139"]
[WhiteElo "2440"]
[BlackElo "2771"]
[Result "0-1"]
[Round "1"]
[TimeControl "180+1"]
[Date "2023.08.08"]
[WhiteClock "0:00:09"]
[BlackClock "0:01:48"]
[Board "61"]

1. e4 Nf6 2. e5 Nd5 3. c4 Nb6 4. d4 d6 5. exd6 cxd6 6. Nc3 g6 7. Nf3 Bg7 8. Be3 O-O 9. Be2 Nc6 10. O-O Bg4 11. b3 d5 12. Rc1 Bxf3 13. Bxf3 dxc4 14. d5 Ne5 15. Bxb6 Qxb6 16. Na4 Qa6 17. bxc4 Nxf3+ 18. gxf3 Rac8 19. Qb3 Be5 20. Kg2 Qf6 21. Rh1 Qg5+ 22. Kh3 e6 23. Rcd1 Qf4 24. Rde1 Rxc4 25. Re4 Rxe4 26. fxe4 Qxe4 27. Nc5 Qf5+ 28. Kg2 Qg4+ 29. Kf1 Rc8 30. Nd3 Rc3 31. Qb1 Qc4 32. Ke2 Qe4+ 0-1


[Site "https://www.chess.com"]

[Event "Titled Tuesday Blitz August 08 Late 2023"]
[White "Jaracz, Pawel"]
[Black "Castro Silva, Moises Antonio"]
[WhiteFideId "1102222"]
[BlackFideId "3909794"]
[WhiteElo "2767"]
[BlackElo "2439"]
[Result "1/2-1/2"]
[Round "1"]
[TimeControl "180+1"]
[Date "2023.08.08"]
[WhiteClock "0:00:16"]
[BlackClock "0:00:04"]
[Board "62"]

1. e4 c5 2. Nf3 e6 3. d4 cxd4 4. Nxd4 Nf6 5. Nc3 Nc6 6. Bf4 Bb4 7. Nb5 O-O 8. Bc7 Qe7 9. Bd6 Bxd6 10. Qxd6 Qxd6 11. Nxd6 Ne8 12. Ncb5 Nxd6 13. Nxd6 Rd8 14. O-O-O Kf8 15. f4 f6 16. Bb5 Ke7 17. Bxc6 dxc6 18. e5 b6 19. Rd3 Bd7 20. Rg3 Kf8 21. Rd1 Be8 22. h4 Bg6 23. Re3 Bh5 24. Rd2 Bg4 25. Rg3 h5 26. Rgd3 Ke7 27. c4 c5 28. b3 Rab8 29. Kb2 Ra8 30. Kc3 Rab8 31. Nb5 Rxd3+ 32. Rxd3 Ra8 33. Rd6 a6 34. Nc7 Ra7 35. Nd5+ exd5 36. cxd5 fxe5 37. fxe5 Rd7 38. Rxb6 Rxd5 39. Rb7+ Kf8 40. Ra7 Rxe5 41. Rxa6 Re2 42. g3 Rg2 43. Ra5 Rxg3+ 44. Kc4 g5 45. hxg5 h4 46. Ra8+ Kg7 47. Ra6 h3 48. Rh6 Rg2 49. a4 h2 50. Kxc5 Bf3 51. b4 Rc2+ 52. Kb6 h1=Q 53. Rxh1 Bxh1 54. b5 Kf7 55. a5 Ke7 56. g6 Rg2 57. a6 Rxg6+ 58. Kc7 Rg1 59. b6 Rc1+ 60. Kb8 Kd7 61. b7 Rg1 62. Ka7 Rb1 63. b8=Q Rxb8 64. Kxb8 Bc6 65. a7 Bd5 66. a8=Q Bxa8 1/2-1/2


[Site "https://www.chess.com"]

[Event "Titled Tuesday Blitz August 08 Late 2023"]
[White "Swicarz, Maciej"]
[Black "Hambleton, Aman"]
[WhiteFideId "1113585"]
[BlackFideId "2606577"]
[WhiteElo "2437"]
[BlackElo "2765"]
[Result "0-1"]
[Round "1"]
[TimeControl "180+1"]
[Date "2023.08.08"]
[WhiteClock "0:00:06"]
[BlackClock "0:00:04"]
[Board "63"]

1. e4 b6 2. d4 Bb7 3. f3 e6 4. Be3 d5 5. Nd2 Nf6 6. e5 Ng8 7. c3 Qd7 8. f4 Ba6 9. Ngf3 h5 10. Bxa6 Nxa6 11. O-O Nh6 12. Nh4 g6 13. a4 Be7 14. Qe1 c5 15. a5 b5 16. dxc5 Nxc5 17. Bxc5 Bxc5+ 18. Kh1 a6 19. Nb3 Ba7 20. Nd4 Rc8 21. Qe2 Qe7 22. Nhf3 Kf8 23. Ng5 Bxd4 24. cxd4 Nf5 25. Nf3 Rc4 26. Rfd1 Kg7 27. b3 Rc3 28. Rab1 Rhc8 29. b4 R8c4 30. Qb2 Rxf3 31. gxf3 Qh4 32. Qd2 Rxd4 33. Qxd4 Nxd4 34. Rxd4 Qf2 35. Rbd1 Qxf3+ 36. Kg1 h4 37. R1d3 Qe2 38. Rd2 Qe3+ 39. Kf1 Qf3+ 40. Kg1 h3 41. Rf2 Qe3 42. Rd1 Qb3 43. Rd4 Qe3 44. Rd1 d4 45. Kf1 d3 46. Kg1 Kh6 47. Kf1 Kh5 48. Kg1 Kg4 49. Kf1 Kf5 50. Rfd2 Qf3+ 51. Kg1 Ke4 52. Re1+ Kd4 53. Red1 Kc3 54. f5 gxf5 0-1


[Site "https://www.chess.com"]

[Event "Titled Tuesday Blitz August 08 Late 2023"]
[White "Mahdavi, Reza"]
[Black "Baches Garcia, Guillermo"]
[WhiteFideId "12595926"]
[BlackFideId "2209764"]
[WhiteElo "2761"]
[BlackElo "2435"]
[Result "1/2-1/2"]
[Round "1"]
[TimeControl "180+1"]
[Date "2023.08.08"]
[WhiteClock "0:01:12"]
[BlackClock "0:00:16"]
[Board "64"]

1. e4 c5 2. Nf3 d6 3. Bb5+ Bd7 4. Bxd7+ Qxd7 5. O-O Nf6 6. Re1 Nc6 7. c3 e6 8. d4 cxd4 9. cxd4 d5 10. e5 Ne4 11. Nbd2 Nxd2 12. Bxd2 Bb4 13. Bxb4 Nxb4 14. Qd2 Nc6 15. Re3 O-O 16. Ne1 Rac8 17. Rg3 f6 18. exf6 Rxf6 19. Nf3 Rcf8 20. Re1 Qf7 21. Re2 h6 22. b4 a6 23. a4 Qh5 24. b5 axb5 25. axb5 Ne7 26. h3 Rxf3 27. Rxf3 Rxf3 28. gxf3 Qxh3 29. Qf4 Nf5 30. Rxe6 Nh4 31. Qb8+ Kh7 32. Rxh6+ Kxh6 33. Qh8+ Kg6 34. Qe8+ Kg5 35. Qd8+ Kh6 36. Qh8+ Kg6 37. Qe8+ Kh7 38. Qh5+ Kg8 39. Qe8+ Kh7 40. Qh5+ Kg8 41. Qe8+ Kh7 1/2-1/2


[Site "https://www.chess.com"]

[Event "Titled Tuesday Blitz August 08 Late 2023"]
[White "chessmateto"]
[Black "Aradhya, Garg"]
[BlackFideId "25006746"]
[WhiteElo "2434"]
[BlackElo "2760"]
[Result "0-1"]
[Round "1"]
[TimeControl "180+1"]
[Date "2023.08.08"]
[WhiteClock "0:00:08"]
[BlackClock "0:01:14"]
[Board "65"]

1. c4 e5 2. Nc3 Nf6 3. g3 c6 4. d4 e4 5. Bg2 d5 6. Bg5 Be7 7. f3 exf3 8. Nxf3 O-O 9. O-O Be6 10. Bxf6 Bxf6 11. e4 dxe4 12. Nxe4 Bxc4 13. Re1 Nd7 14. Rc1 Bd5 15. Nc3 Bxf3 16. Bxf3 Nb6 17. Re4 Re8 18. Rxe8+ Qxe8 19. Ne4 Qe7 20. Rc2 Rd8 21. Rd2 Nc4 22. Nxf6+ Qxf6 23. Re2 g6 24. b3 Rxd4 25. Qa1 Nd6 26. Rd2 Nb5 27. Be2 Qd6 28. Rxd4 Qxd4+ 29. Qxd4 Nxd4 30. Bc4 Kg7 31. Kf2 f5 32. Ke3 Nc2+ 33. Kd2 Nb4 34. a3 Nd5 35. Kd3 Kf6 36. Kd4 Ke6 37. Kc5 Ke5 38. b4 Ne7 39. b5 b6+ 40. Kb4 c5+ 41. Kc3 g5 42. Bf7 f4 43. gxf4+ gxf4 44. Bh5 Ke4 45. Kd2 Nd5 46. Be2 h6 47. Bd3+ Kd4 48. a4 c4 49. Bh7 Nc3 50. Bg6 Nxa4 51. Kd1 Nc3+ 52. Kc2 Nxb5 0-1


[Site "https://www.chess.com"]

[Event "Titled Tuesday Blitz August 08 Late 2023"]
[White "Lamaze, Simon"]
[Black "Ingunza Curro, Andres"]
[WhiteFideId "36069264"]
[BlackFideId "24526371"]
[WhiteElo "2759"]
[BlackElo "2433"]
[Result "1-0"]
[Round "1"]
[TimeControl "180+1"]
[Date "2023.08.08"]
[WhiteClock "0:01:09"]
[BlackClock "0:00:07"]
[Board "66"]

1. c4 e5 2. g3 d6 3. Bg2 f5 4. Nc3 Nf6 5. b4 Be7 6. Nf3 O-O 7. d3 Qe8 8. O-O Qh5 9. e3 c6 10. Nd2 Qg6 11. b5 Be6 12. Ba3 a6 13. bxc6 Nxc6 14. Rb1 Rab8 15. Nd5 Bxd5 16. cxd5 Nd8 17. Nc4 Nf7 18. f4 b5 19. Na5 Ng4 20. Nc6 Rbe8 21. Re1 Bf6 22. Qd2 exf4 23. exf4 Nd8 24. Bxd6 Nxc6 25. Bxf8 Nd4 26. Bc5 Rc8 27. Rbc1 h5 28. d6 h4 29. d7 Rd8 30. Bb6 Rxd7 31. Rc8+ Kh7 32. Ree8 Qf7 33. h3 Nh6 34. g4 fxg4 35. Rh8+ Kg6 36. Be4+ Ndf5 37. hxg4 Bd4+ 38. Bxd4 Rxd4 39. Rc6+ Rd6 40. Rxd6+ 1-0


[Site "https://www.chess.com"]

[Event "Titled Tuesday Blitz August 08 Late 2023"]
[White "Nilsen, Tobias Lang"]
[Black "Klukin, Kirill"]
[WhiteFideId "1521624"]
[BlackFideId "24199273"]
[WhiteElo "2431"]
[BlackElo "2755"]
[Result "0-1"]
[Round "1"]
[TimeControl "180+1"]
[Date "2023.08.08"]
[WhiteClock "0:01:29"]
[BlackClock "0:01:28"]
[Board "67"]

1. e4 c5 2. Nf3 g6 3. c3 Bg7 4. d4 cxd4 5. cxd4 d5 6. e5 a6 7. h3 Nc6 8. Nc3 f6 9. exf6 Nxf6 10. Bf4 O-O 11. Bh2 Nh5 12. Bd3 Nxd4 13. Nxd4 Bxd4 14. O-O Bg7 15. Be2 d4 16. Ne4 Nf4 17. Bf3 e5 18. Re1 Be6 19. Rc1 Bd5 20. Rc5 Bc6 21. Qb3+ Kh8 22. Ng5 Qxg5 0-1


[Site "https://www.chess.com"]

[Event "Titled Tuesday Blitz August 08 Late 2023"]
[White "Kuzmicz, Krystian"]
[Black "Karas, Marek"]
[WhiteFideId "1119125"]
[BlackFideId "14928558"]
[WhiteElo "2749"]
[BlackElo "2430"]
[Result "1-0"]
[Round "1"]
[TimeControl "180+1"]
[Date "2023.08.08"]
[WhiteClock "0:01:14"]
[BlackClock "0:00:00"]
[Board "68"]

1. e4 e6 2. b3 d5 3. Bb2 Nf6 4. e5 Nfd7 5. Qg4 c5 6. f4 Nc6 7. Nf3 a6 8. Na3 b5 9. c3 h5 10. Qg3 g6 11. Nc2 Be7 12. d4 Qb6 13. Bd3 Nf8 14. O-O Bd7 15. Ne3 b4 16. c4 cxd4 17. Nxd5 exd5 18. cxd5 h4 19. Qf2 Bc5 20. dxc6 Bxc6 21. Rac1 Ne6 22. Ng5 Nxg5 23. fxg5 Bd5 24. Bc4 Bxc4 25. Rxc4 O-O 26. Bxd4 Bxd4 27. Qxd4 Qxd4+ 28. Rxd4 Rfe8 29. Re1 a5 30. Rxh4 Rad8 31. Rhe4 Rd2 32. R4e2 Rd5 33. g3 Red8 34. h4 Rd3 35. Kf2 Rc8 36. e6 Rf8 37. Kg2 fxe6 38. Rxe6 Kg7 39. Re7+ Rf7 40. Rxf7+ Kxf7 41. Re2 Rc3 42. Kh3 a4 43. bxa4 Ra3 44. Re4 Rxa4 45. a3 Rxa3 46. Rxb4 Ra7 47. Rb3 Kg7 48. g4 Rc7 49. h5 Ra7 50. Kh4 Rc7 51. Rb6 gxh5 52. gxh5 Rc4+ 53. Kg3 Rc7 54. h6+ Kh7 55. Kg4 Ra7 56. Kh5 Kh8 57. Rb8+ 1-0


[Site "https://www.chess.com"]

[Event "Titled Tuesday Blitz August 08 Late 2023"]
[White "Kupervaser, Erez"]
[Black "Nazari, Arad"]
[WhiteFideId "2814587"]
[BlackFideId "12577324"]
[WhiteElo "2427"]
[BlackElo "2747"]
[Result "0-1"]
[Round "1"]
[TimeControl "180+1"]
[Date "2023.08.08"]
[WhiteClock "0:00:10"]
[BlackClock "0:00:10"]
[Board "69"]

1. e4 c5 2. Nf3 d6 3. Bb5+ Nd7 4. O-O Nf6 5. Re1 a6 6. Bf1 e6 7. c4 Be7 8. d4 cxd4 9. Nxd4 O-O 10. Nc3 Qc7 11. Be3 Ne5 12. Rc1 Bd7 13. h3 Rac8 14. f4 Ng6 15. b3 Qb8 16. g3 Rfd8 17. Qe2 Bf8 18. h4 e5 19. Nf5 exf4 20. Bb6 Re8 21. Qf2 Ng4 22. Qf3 N4e5 23. Qf2 fxg3 24. Qxg3 Bxf5 25. exf5 Ne7 26. f6 Nf5 27. Qf4 Nxh4 28. fxg7 Bxg7 29. Kh1 Neg6 30. Qg4 Rxe1 31. Rxe1 Re8 32. Rxe8+ Qxe8 33. Nd5 Qe1 34. Kg1 Ne5 35. Qc8+ Bf8 36. Bf2 Nef3+ 37. Kh1 Qxf1+ 38. Bg1 Qxg1# 0-1


[Site "https://www.chess.com"]

[Event "Titled Tuesday Blitz August 08 Late 2023"]
[White "Urazayev, Arystanbek"]
[Black "Slovineanu, Viacheslav"]
[WhiteFideId "13709810"]
[BlackFideId "13900510"]
[WhiteElo "2745"]
[BlackElo "2423"]
[Result "1-0"]
[Round "1"]
[TimeControl "180+1"]
[Date "2023.08.08"]
[WhiteClock "0:01:48"]
[BlackClock "0:00:14"]
[Board "70"]

1. d4 Nf6 2. c4 e5 3. dxe5 Ng4 4. Nf3 Nc6 5. Bf4 Bb4+ 6. Nbd2 Qe7 7. e3 Bxd2+ 8. Qxd2 Ngxe5 9. Nxe5 Nxe5 10. Be2 d6 11. O-O O-O 12. Qc3 f6 13. b4 Be6 14. c5 Ng6 15. Bg3 dxc5 16. Qxc5 Qxc5 17. bxc5 b6 18. c6 Ne5 19. Ba6 Rad8 20. Bb7 Rd2 21. a4 a5 22. f4 Nd3 23. e4 Bc4 24. Rfd1 Rxd1+ 25. Rxd1 Rd8 26. f5 Re8 27. Bxc7 Rxe4 28. Bxb6 Re2 29. c7 1-0


[Site "https://www.chess.com"]

[Event "Titled Tuesday Blitz August 08 Late 2023"]
[White "Bogaudinov, Rushan"]
[Black "Kobo, Ori"]
[WhiteFideId "4129288"]
[BlackFideId "2812320"]
[WhiteElo "2421"]
[BlackElo "2740"]
[Result "0-1"]
[Round "1"]
[TimeControl "180+1"]
[Date "2023.08.08"]
[WhiteClock "0:00:06"]
[BlackClock "0:01:12"]
[Board "71"]

1. e4 c5 2. Nf3 d6 3. g3 Nf6 4. Nc3 Nc6 5. Bg2 g6 6. O-O Bg7 7. Re1 O-O 8. d3 Rb8 9. a4 a6 10. Bg5 b5 11. axb5 axb5 12. Qd2 b4 13. Nd5 Bg4 14. Bxf6 exf6 15. h3 Be6 16. c4 bxc3 17. bxc3 f5 18. Nf4 Bd7 19. Nd5 Be6 20. Nf4 Bd7 21. Nd5 fxe4 22. dxe4 Re8 23. Rad1 Qa5 24. c4 Qxd2 25. Rxd2 Be6 26. Nc7 Red8 27. Nxe6 fxe6 28. Red1 Nd4 29. Nxd4 Bxd4 30. Rxd4 cxd4 31. Rxd4 Rb1+ 32. Kh2 e5 33. Rd5 Rc1 34. f4 exf4 35. gxf4 Rxc4 36. e5 Rxf4 37. exd6 Rf6 38. d7 Rf7 39. Re5 Rfxd7 40. Kg3 Kg7 41. Re2 Rd3+ 42. Kh2 R8d7 43. Rb2 Rd2 44. Rb6 Re7 45. Rb3 Ree2 46. Rg3 Rb2 47. Kg1 Red2 48. Be4 Rd1# 0-1


[Site "https://www.chess.com"]

[Event "Titled Tuesday Blitz August 08 Late 2023"]
[White "Mekhitarian, Krikor Sevag"]
[Black "Sliwicki, Damian"]
[WhiteFideId "2107660"]
[BlackFideId "1127128"]
[WhiteElo "2739"]
[BlackElo "2417"]
[Result "0-1"]
[Round "1"]
[TimeControl "180+1"]
[Date "2023.08.08"]
[WhiteClock "0:00:04"]
[BlackClock "0:00:03"]
[Board "72"]

1. Nf3 c5 2. c4 g6 3. e4 Nc6 4. d4 cxd4 5. Nxd4 Nf6 6. Nc3 Nxd4 7. Qxd4 d6 8. Be2 Bg7 9. Bg5 O-O 10. Qe3 Qa5 11. O-O Be6 12. Rac1 Rac8 13. b3 a6 14. f4 Rfe8 15. a4 Qc5 16. f5 gxf5 17. exf5 Bxf5 18. Qxc5 Rxc5 19. Be3 Re5 20. Bd4 Rxe2 21. Nxe2 Bd3 22. Rfe1 e5 23. Bb6 Bh6 24. Ra1 e4 25. Bd4 Ng4 26. h3 Ne3 27. Nc1 Nc2 28. Nxd3 Nxd4 29. Ra2 Nxb3 30. Nf2 f5 31. g4 e3 32. Nd3 f4 33. Kg2 Nd4 34. Rf1 f3+ 35. Rxf3 Nxf3 36. Kxf3 Rf8+ 37. Ke4 Rc8 38. Kd5 Re8 39. Re2 Bg5 40. Kxd6 Rd8+ 41. Ke6 Rxd3 42. Kf5 Rd2 43. Re1 h6 44. h4 Rf2+ 45. Kg6 Bxh4 46. Rxe3 Bg5 47. Rd3 Rf6+ 48. Kh5 Kg7 49. Rd5 Rf3 50. Rd7+ Kf6 51. Rd6+ Ke5 52. Rb6 Rf7 53. c5 Kd5 54. c6 bxc6 55. Rxa6 Kc5 56. Ra5+ Kb4 57. Ra8 Rf3 58. a5 Ra3 59. a6 Kc5 60. a7 Ra6 61. Kg6 Kb6 62. Rc8 Rxa7 63. Rb8+ Rb7 64. Re8 c5 65. Kf5 Kb5 66. Rc8 Rb6 67. Ke4 Re6+ 68. Kd5 Re1 69. Rxc5+ Kb4 70. Rc6 Kb5 71. Rc8 Rg1 72. Rb8+ Ka6 73. Kc6 Ka7 74. Rb4 Rc1+ 75. Kd5 Rc7 76. Rb3 Rb7 77. Ra3+ Kb6 78. Rb3+ Kc7 79. Rf3 Rb6 80. Rf7+ Kd8 81. Kc5 Rg6 82. Kd5 Ke8 83. Rh7 Bc1 84. Ke4 Rxg4+ 85. Kf5 Rg5+ 86. Ke6 Rg8 87. Re7+ Kf8 88. Rb7 Rg6+ 89. Kf5 Rg5+ 90. Kf6 Kg8 91. Rb8+ Kh7 92. Rb7+ Kh8 93. Kf7 Rg7+ 94. Kf6 Rxb7 0-1


[Site "https://www.chess.com"]

[Event "Titled Tuesday Blitz August 08 Late 2023"]
[White "Gurevich, Dmitry"]
[Black "Salemgareev, Tagir"]
[WhiteFideId "2000407"]
[BlackFideId "24199052"]
[WhiteElo "2415"]
[BlackElo "2738"]
[Result "1-0"]
[Round "1"]
[TimeControl "180+1"]
[Date "2023.08.08"]
[WhiteClock "0:00:24"]
[BlackClock "0:00:00"]
[Board "73"]

1. d4 Nf6 2. Nf3 e6 3. c4 b6 4. g3 Ba6 5. b3 Bb4+ 6. Bd2 Be7 7. Bg2 c6 8. Bc3 d5 9. Nbd2 O-O 10. Qc2 Nbd7 11. e4 Rc8 12. e5 Ne8 13. O-O Nc7 14. Rfd1 c5 15. Qb2 dxc4 16. Nxc4 Nd5 17. a4 cxd4 18. Nxd4 Bxc4 19. bxc4 Rxc4 20. Nb5 Nxc3 21. Nxc3 Qc8 22. Nb5 a6 23. Nd6 Bxd6 24. Rxd6 Rc2 25. Qd4 Rc4 26. Qe3 Nc5 27. Rxb6 Nxa4 28. Rd6 a5 29. h4 Nb2 30. Rxa5 Rc1+ 31. Kh2 Rc2 32. Qd4 Nc4 33. Rc5 Nxd6 34. Rxc8 Nxc8 35. Be4 Rc7 36. Bb1 Ne7 37. Qe4 g6 38. h5 Rb8 39. g4 Rcb7 40. Bd3 Rb4 41. Qf3 Nd5 42. Be4 Rb3 43. Qd1 Nf4 44. Qd2 g5 45. h6 1-0


[Site "https://www.chess.com"]